AoeStats
← jiri.hradec.jr

Arabia

510160612Analyzed
1v1 RM · 3d ago on Sep 29, 2026· 81m 42s· 2 players
Game mode
Random Map
Map size
Tiny (2 player)
Population
200
Speed
Normal
Resources
Standard
Victory
Conquest
Starting age
Dark Age
Ending age
Imperial Age
RankedLock teamsTeams togetherTeam positionsShared explorationLock speedFull tech treeHidden civsTurbo modeCheats
Victory
Defeat
🇲🇽 Maya · Mexico
1555
+15
🇮🇹 Franks · Italy
1538
-15
jiri.hradec.jr
5:58 Loom
9:31 Feudal Age
14:06 Double-Bit Axe
20:58 Castle Age
22:59 Fletching
36:04 Wheelbarrow
40:25 Scale Barding Armor
43:26 Gold Mining
45:09 Light Cavalry
45:50 Husbandry
46:14 Chain Barding Armor
51:08 Gold Shaft Mining
50:52 Bow Saw
51:09 Town Watch
54:36 Imperial Age
56:08 Plate Barding Armor
55:26 Cavalier
58:30 Stone Mining
60:10 Forging
59:56 Bodkin Arrow
60:58 Padded Archer Armor
65:58 Scale Mail Armor
67:08 Iron Casting
65:59 Man-at-Arms
66:26 Gambesons
66:26 Elite Skirmisher
67:26 Leather Archer Armor
67:26 Chain Mail Armor
67:14 Squires
66:39 Long Swordsman
67:24 Two-Handed Swordsman
71:16 Plate Mail Armor
74:09 Ballistics
74:55 Chemistry
76:58 Blast Furnace
75:32 Pikeman
MARDUK
0:34 Loom
10:37 Feudal Age
14:45 Castle Age
19:52 Fletching
22:26 Bodkin Arrow
27:05 Wheelbarrow
32:43 Eagle Warrior
33:24 Squires
37:17 Padded Archer Armor
40:09 Scale Mail Armor
40:20 Forging
41:51 Arson
44:36 Pikeman
46:36 Chain Mail Armor
46:57 Iron Casting
51:27 Imperial Age
50:22 Leather Archer Armor
52:36 Ballistics
52:27 Bracer
52:07 Elite Eagle Warrior
54:11 Plate Mail Armor
54:55 Chemistry
57:42 Halberdier
59:24 Blast Furnace
64:23 Ring Archer Armor
65:40 Hand Cart
65:30 Double-Bit Axe
67:33 Town Watch
67:30 Elite Plumed Archer
68:33 Conscription
68:52 Masonry
69:02 Bow Saw
71:17 Two-Man Saw
69:58 Horse Collar
72:31 Holcans
75:52 Architecture
76:22 Town Patrol
79:19 Guilds
Connection lost

Rejoining the realm…

Still unreachable

The connection could not be restored.

Session expired

The server has moved on; the page needs a fresh start.